 Dungeon Crawl Stone Soup version 0.30-b1-2-g02819fbbbe (webtiles) character file.

Game seed: 8657620244676935935

275 LLlMATKO the Trooper (level 6, 0/84 HPs)
             Began as a Minotaur Berserker on Aug 28, 2023.
             Was a Believer of Trog.
             Slain by a gnoll
             ... wielding a +0 spear
              (3 damage)
             ... on level 2 of the Dungeon.
             The game lasted 00:01:18 (1267 turns).

LLlMATKO the Trooper (Minotaur Berserker)           Turns: 1267, Time: 00:01:19

Health: 0/84       AC:  7    Str: 24    XL:     6   Next: 3%
Magic:  5/5        EV: 11    Int:  4    God:    Trog [**....]
Gold:   29         SH:  0    Dex:  9    Spells: 5/5 levels left

rFire   . . .        a - +0 hand axe
rCold   . . .        (no shield)
rNeg    . . .        j - +0 ring mail
rPois   .            (helmet restricted)
rElec   .            (no cloak)
rCorr   .            h - +0 pair of gloves
SInv    .            (no boots)
Will    .....        (no amulet) Stlth
                     (no ring)
HPRegen 0.34/turn    (no ring)
MPRegen 0.09/turn

%: no passive effects
@: berserking, very quick
A: horns 2, retaliatory headbutt
a: Renounce Religion, Berserk, Trog's Hand


You were on level 2 of the Dungeon.
You worshipped Trog.
Trog was pleased with you.
You visited 1 branch of the dungeon, and saw 2 of its levels.

You collected 29 gold pieces.

Inventory:

Hand Weapons
 a - a +0 hand axe (weapon)
Missiles
 i - 6 poisoned darts (quivered)
Armour
 h - a +0 pair of gloves (worn)
 j - a +0 ring mail (worn)
Jewellery
 c - a ring of fire
Wands
 b - a wand of digging (6)
Scrolls
 d - a scroll of identify {unknown}
 f - 2 scrolls of teleportation {unknown}
 g - a scroll of fog {unknown}
 k - a scroll of vulnerability {unknown}
Potions
 e - 2 potions of heal wounds {unknown}


   Skills:
 + Level 5.1 Fighting
 + Level 5.1 Axes
 + Level 4.3 Armour
 + Level 3.9 Dodging


You had 5 spell levels left.
You didn't know any spells.
Your spell library was empty.

Dungeon Overview and Level Annotations

Branches:
Dungeon (2/15)

Altars:


Innate Abilities, Weirdness & Mutations

You have a pair of horns on your head.
You reflexively headbutt those who attack you in melee.


Message History

You fail to use your ability.
The gnoll hits you from afar with a +0 spear.
The gnoll hits you with a +0 trident!
You hit the gnoll.
The gnoll is moderately wounded.
You completely miss the gnoll. The gnoll hits you with a +0 spear.
The gnoll hits you with a +0 trident. The gnoll closely misses you. x2
Unknown command.
You hit the gnoll but do no damage.
The gnoll is moderately wounded.
You closely miss the gnoll. The gnoll closely misses you.
The gnoll hits you with a +0 trident. The gnoll completely misses you.
The gnoll hits you but does no damage.
A red film seems to cover your vision as you go berserk!
You feel yourself moving faster!
You feel mighty! The gnoll hits you but does no damage.
The gnoll hits you with a +0 trident!
The gnoll hits you from afar with a +0 spear!
The gnoll hits you from afar with a +0 halberd!
* * * LOW HITPOINT WARNING * * *
Unknown command.
You hit the gnoll.
The gnoll is heavily wounded.
You hit the gnoll but do no damage. The gnoll closely misses you.
The gnoll misses you. x3
Unknown command.
You hit the gnoll. Your headbutt misses the gnoll.
The gnoll is almost dead.
You slash the gnoll! The gnoll hits you but does no damage.
The gnoll hits you with a +0 trident!
* * * LOW HITPOINT WARNING * * *
The gnoll hits you from afar with a +0 spear.
* * * LOW HITPOINT WARNING * * *
The gnoll completely misses you.
You slash the gnoll!
You kill the gnoll!
Trog accepts your kill.
You hit the gnoll. The gnoll closely misses you.
The gnoll hits you but does no damage.
The gnoll hits you from afar with a +0 spear.
You die...

............##.....
...................
...................
. ........#......#.
). #......##....###
... #...#####....#
.... #####........#
..... ..###....#
###g....#
#######.###@)g.....
......(...)g###..##
.####....####
#..$.# #.....
#....## #....#
#....# #....#


You could see 3 gnolls.

Vanquished Creatures
  Sigmund (D:2)
  Natasha (twice) (D:2)
  Robin (D:2)
  A gnoll (D:2)
  5 endoplasms
  10 goblins
  9 hobgoblins
  3 jackals (D:2)
  6 kobolds
  2 quokkas (D:1)
  A ball python (D:1)
  5 bats (D:1)
  A frilled lizard (D:1)
  4 rats (D:1)
51 creatures vanquished.

Notes
Turn   | Place    | Note
-------+----------+-------------------------------------------
     0 | D:1      | LLlMATKO the Minotaur Berserker began the quest for the
                  | Orb.
     0 | D:1      | Reached XP level 1. HP: 19/19 MP: 0/0
   103 | D:1      | Reached XP level 2. HP: 27/27 MP: 1/1
   943 | D:2      | Noticed Sigmund
   957 | D:2      | Killed Sigmund
   958 | D:2      | Reached XP level 3. HP: 35/35 MP: 2/2
   958 | D:2      | Reached XP level 4. HP: 41/41 MP: 3/3
   958 | D:2      | Reached XP level 5. HP: 47/47 MP: 4/4
  1010 | D:2      | Noticed Natasha
  1010 | D:2      | Noticed Robin
  1019 | D:2      | Reached ** piety under Trog
  1025 | D:2      | Killed Natasha
  1026 | D:2      | Reached skill level 5 in Fighting
  1026 | D:2      | Reached skill level 5 in Axes
  1039 | D:2      | Killed Robin
  1049 | D:2      | Noticed Natasha
  1116 | D:2      | Killed Natasha
  1117 | D:2      | Reached XP level 6. HP: 29/56 MP: 5/5
  1266 | D:2      | HP: 3/84 [gnoll/+0 spear (4)]
  1267 | D:2      | Slain by a gnoll

Illustrated notes

Levels and vault maps discovered:
D:1:      minmay_arrival_shattered_statue, layout_basic
D:2:      layout_rooms, uniq_sigmund, uniq_robin, uniq_natasha

Skill      XL: |  1  2  3  4  5 |
---------------+----------------+-----
Axes           | 4 5 |  5.1
Fighting       | 4 5 |  5.1
Armour         | 4 |  4.3
Dodging        | 3 |  3.9

Action                     |  1- 3 |  4- 6 || total
---------------------------+-------+-------++-------
  Melee: Hand axe          |    57 |    44 ||   101
         Headbutt          |     7 |     7 ||    14
         Punch             |     1 |       ||     1
 Invoke: Berserk           |     2 |     2 ||     4
 Armour: Animal skin       |    13 |       ||    13
         Ring mail         |     2 |    23 ||    25
  Dodge: Dodged            |    40 |    29 ||    69
